 Dungeon Crawl Stone Soup version 0.21.1-1-g345015fe64 (webtiles) character file.

166 Gargoyl the Skirmisher (level 5, 0/47 HPs)
             Began as a Centaur Abyssal Knight on Feb 23, 2018.
             Was a Follower of Lugonu.
             Slain by a worker ant (5 damage)
             ... on level 2 of the Dungeon.
             The game lasted 00:02:41 (1749 turns).

Gargoyl the Skirmisher (Centaur Abyssal Knight)     Turns: 1749, Time: 00:02:42

Health: 0/47       AC:  5    Str: 20    XL:     5   Next: 22%
Magic:  7/7        EV:  8    Int: 11    God:    Lugonu [*.....]
Gold:   58         SH:  0    Dex:  9    Spells: 4/4 levels left

rFire    . . .     SeeInvis .   a - +1 hand axe
rCold    . . .     Gourm    .   (no shield)
rNeg     . . .     Faith    .   d - +0 ring mail
rPois    .         Spirit   .   (no helmet)
rElec    .         Reflect  .   (no cloak)
rCorr    .         Harm     .   (no gloves)
MR       .....                  (no barding)
Stlth    ..........             (no amulet)
HPRegen  0.15/turn              (no ring)
MPRegen  0.10/turn              (no ring)

@: mighty, lethally poisoned (0 -> -6), very quick
A: large, hooves 3, deformed body, speed 2, tough skin 3
a: Depart the Abyss, Renounce Religion


You were on level 2 of the Dungeon.
You worshipped Lugonu.
Lugonu was aware of your devotion.
You were not hungry.

You visited 1 branch of the dungeon, and saw 2 of its levels.
You visited the Abyss 1 time.

You collected 58 gold pieces.

Inventory:

Hand Weapons
 a - a +1 hand axe (weapon)
Armour
 b - a +0 leather armour
 d - a +0 ring mail (worn)
Scrolls
 e - a scroll of amnesia {unknown}
 g - a scroll of enchant armour {unknown}
 h - 2 scrolls of magic mapping
 k - a scroll of identify
Potions
 j - a potion of agility {unknown}
 l - a potion of mutation {unknown}
 n - a potion of flight {unknown}
Comestibles
 c - 3 rations
 f - a chunk of flesh


   Skills:
 + Level 4.3 Fighting
 + Level 2.9 Axes
 * Level 2.1 Armour
 + Level 0.7 Dodging
 * Level 2.9 Invocations


You had 4 spell levels left.
You didn't know any spells.

Dungeon Overview and Level Annotations

Branches:
Dungeon (2/15)

Altars:


Innate Abilities, Weirdness & Mutations

You have hooves in place of feet.
Armour fits poorly on your strangely shaped body.
You cover ground very quickly.
You have extremely tough skin. (AC +3)


Message History

The goblin shouts!
Unknown command.
The kobold hits you but does no damage.
You hit the kobold.
You kill the kobold!
Lugonu accepts your kill.
You closely miss the worker ant.
You feel sick. The worker ant bites you.
* * * LOW HITPOINT WARNING * * *
You are more poisoned.
The worker ant poisons you! The worker ant bites you.
* * * LOW HITPOINT WARNING * * *
The worm closely misses you.
* * * LOW HITPOINT WARNING * * *
You feel sick.
It was a potion of might.
You feel very mighty all of a sudden.
* * * LOW HITPOINT WARNING * * *
You feel sick. The worker ant bites you.
You die...

.##......# #.#
....##.#.#######.#
.##..#.#.......#.# .#
.###>#.#######.#.# .# ...
.... #.#.# ##.# ... ..#.
.. #..)##...##
##.#..####..####.#.....##
..... ##...##(.(.....# ..
.......@.w.....#
.####..a.).....#
.......>......##
...##.!.......... #.
#.g$.......## .
#..........#
.............#
.#...........#
...............


You could see a worm, a worker ant and a goblin.

Vanquished Creatures
  An eye of draining (Abyss:1)
  3 adders (D:2)
  An ooze (D:1)
  A worm (D:2)
  2 dart slugs (D:1)
  3 leopard geckos
  A ball python (D:1)
  2 giant cockroaches (D:1)
  3 goblins (D:1)
  8 hobgoblins
  3 bats (D:1)
  4 kobolds
  4 rats (D:1)
36 creatures vanquished.

Notes
Turn   | Place    | Note
-------+----------+-------------------------------------------
     0 | Abyss:1  | Gargoyl the Centaur Abyssal Knight began the quest for the Orb.
     0 | Abyss:1  | Reached XP level 1. HP: 19/19 MP: 2/2
    47 | Abyss:1  | Noticed an ancient zyme
    58 | Abyss:1  | Noticed a quasit
    66 | Abyss:1  | Found a corrupted altar of Lugonu.
   126 | Abyss:1  | Noticed an eye of draining
   139 | Abyss:1  | Killed an eye of draining
   139 | Abyss:1  | Reached skill level 4 in Fighting
   139 | Abyss:1  | Reached XP level 2. HP: 10/27 MP: 0/3
   139 | Abyss:1  | Reached XP level 3. HP: 12/33 MP: 0/4
   139 | Abyss:1  | Reached XP level 4. HP: 15/40 MP: 0/5
   144 | Abyss:1  | Noticed a golden dragon skeleton
   169 | Abyss:1  | Noticed a starcursed mass
   182 | Abyss:1  | Noticed a small abomination
   192 | Abyss:1  | Noticed a thrashing horror
   196 | D:1      | Escaped the Abyss
   434 | D:1      | Reached * piety under Lugonu
  1375 | D:2      | Reached XP level 5. HP: 11/47 MP: 6/6
  1749 | D:2      | Slain by a worker ant

Skill      XL: |  1  2  3  4 |
---------------+-------------+-----
Fighting       | 4 |  4.3
Axes           | 2 |  2.9
Armour         | 2 |  2.1
Dodging        | |  0.7
Invocations    | |  2.9

Action                   |  1- 3 |  4- 6 || total
-------------------------+-------+-------++-------
Melee: Hand axe          |     9 |    94 ||   103
       Kick              |     5 |    20 ||    25
Throw: Tomahawk          |       |     2 ||     2
Invok: Depart the Abyss  |       |     1 ||     1
  Use: Scroll            |     2 |     1 ||     3
       Potion            |       |     2 ||     2
  Eat: Chunk             |       |     2 ||     2
Armor: Ring mail         |       |    65 ||    65
Dodge: Dodged            |     1 |    57 ||    58
